 Dungeon Crawl Stone Soup version 0.26.0-45-g9c1d065592 (webtiles) character file.

Game seed: 13819027684652604145

35 kaeus the Sneak (level 3, -4/21 HPs)
             Began as an Octopode Enchanter on Jan 28, 2021.
             Slain by a hobgoblin
             ... wielding a +0 club
              (7 damage)
             ... on level 1 of the Dungeon.
             The game lasted 00:00:41 (1061 turns).

kaeus the Sneak (Octopode Enchanter)                Turns: 1061, Time: 00:00:42

Health: -4/21      AC:  1    Str:  7    XL:     3   Next: 33%
Magic:  6/6        EV: 13    Int: 17    God:
Gold:   24         SH:  0    Dex: 13    Spells: 5/6 levels left

rFire    . . .     SeeInvis .   a - +1 dagger
rCold    . . .     Faith    .   (no shield)
rNeg     . . .     Spirit   .   (helmet restricted)
rPois    .         Reflect  .   (no amulet)
rElec    .         Harm     .   (no ring)
rCorr    .         Rampage  .   (no ring)
Will     .....                  (no ring)
Stlth    ++++......             (no ring)
HPRegen  0.07/turn              (no ring)
MPRegen  0.10/turn              (no ring)
                                (no ring)
                                (no ring)

@: no status effects
A: almost no armour, stealthy swim, amphibious, 8 rings, constrict 8, camouflage
1, gelatinous body 1
a: no special abilities


You were on level 1 of the Dungeon.
You visited 1 branch of the dungeon, and saw 1 of its levels.

You collected 24 gold pieces.

Inventory:

Hand Weapons
 a - a +1 dagger (weapon)
Scrolls
 b - a scroll of fear {unknown}
 c - a scroll of teleportation {unknown}
 d - a scroll of blinking {unknown}


   Skills:
 + Level 1.4 Short Blades
 + Level 2.3 Dodging
 * Level 4.8 Stealth
 + Level 2.2 Spellcasting
 + Level 3.2 Hexes


You had 5 spell levels left.
You knew the following spells:

 Your Spells              Type           Power        Failure   Level
a - Corona                Hex            13%          4%          1

Your spell library contained the following spells:

 Spells                   Type           Power        Failure   Level
 Ensorcelled Hibernation  Hex/Ice        14%          14%         2
 Confusing Touch          Hex            12%          16%         3
 Tukima's Dance           Hex            12%          16%         3
 Dazzling Flash           Conj/Hex       14%          28%         3


Dungeon Overview and Level Annotations

Branches:
Dungeon (1/15)

Altars:


Innate Abilities, Weirdness & Mutations

You cannot wear most types of armour.
You are very stealthy in the water. (Stealth+)
You are amphibious.
You can wear up to eight rings at the same time.
You can use your tentacles to constrict eight enemies at once.
Your skin changes colour to match your surroundings (Stealth+).
Your rubbery body absorbs attacks. (AC +1, EV +1)


Message History

The bat barely misses you.
You hit the bat but do no damage. Your grab misses the bat. The bat hits you.
* * * LOW HITPOINT WARNING * * *
You take 1 damage, and have 4/21 hp.
The bat closely misses you.
You hit the bat. You grab the bat.
The bat is heavily wounded.
You constrict the bat. The bat barely misses you. The bat closely misses you.
The bat hits you.
* * * LOW HITPOINT WARNING * * *
You take 1 damage, and have 3/21 hp.
You constrict the bat.
You kill the bat!
You hit the hobgoblin. Your grab misses the hobgoblin.
The hobgoblin is moderately wounded.
The hobgoblin completely misses you.
You hit the hobgoblin. Your grab misses the hobgoblin.
The hobgoblin is heavily wounded.
The hobgoblin hits you with a +0 club!
You die...

.##.. # #.##.## .. #.#...
.## #####.#..# ...
......#..# #####.# .....#..#
......)######..#..##########
..........g@..)..)..........
.......######....########.##
....... #...............
....... #.#..########.##
(...#.# #.#.............
###.#. ..#...#######.## . #.
######.#######.#. . #.
.......)......#.
######.###......


You could see a hobgoblin.

Vanquished Creatures
  2 dart slugs (D:1)
  2 leopard geckos (D:1)
  A giant cockroach (D:1)
  3 goblins (D:1)
  5 hobgoblins (D:1)
  4 bats (D:1)
  4 kobolds (D:1)
  6 rats (D:1)
27 creatures vanquished.

Notes
Turn   | Place    | Note
-------+----------+-------------------------------------------
     0 | D:1      | kaeus the Octopode Enchanter began the quest for the Orb.
     0 | D:1      | Reached XP level 1. HP: 11/11 MP: 3/3
   300 | D:1      | Reached XP level 2. HP: 16/17 MP: 5/5
   925 | D:1      | Reached XP level 3. HP: 14/21 MP: 6/6
  1061 | D:1      | Slain by a hobgoblin

Illustrated notes

Levels and vault maps discovered:
D:1:      dpeg_arrival_court, layout_basic, minmay_misc_feat_more_columns

Action                   || total
-------------------------++-------
Melee: Dagger            ||    62
       Constrict         ||    17
       Tentacles         ||     8
 Stab: Sleeping          ||     8
       Distracted        ||     1
Armor: Skin              ||     2
Dodge: Dodged            ||    36
